 Dungeon Crawl Stone Soup version 0.19.5 (webtiles) character file.

140 IcyNumb the Cudgeler (level 5, -1/45 HPs)
             Began as a Minotaur Fighter on May 22, 2017.
             Killed by nerve-wracking pain
             ... invoked by an orc priest
              (11 damage)
             ... on level 3 of the Dungeon.
             The game lasted 00:07:42 (1927 turns).

IcyNumb the Cudgeler (Minotaur Fighter)             Turns: 1927, Time: 00:07:43

Health: -1/45      AC:  6    Str: 21    XL:     5   Next: 2%
Magic:  13/13      EV:  9    Int:  5    God:
Gold:   89         SH:  0    Dex: 10    Spells: 0 memorised, 4 levels left

rFire  . . .     SeeInvis .     q - +2 whip (freeze)
rCold  . . .     Gourm    .     b - +0 scale mail
rNeg   . . .     Faith    .     (no shield)
rPois  .         Spirit   .     (helmet restricted)
rElec  .         Reflect  .     (no cloak)
rCorr  .         Harm     .     (no gloves)
MR     .....                    (no boots)
Stlth  ..........               (no amulet)
                                (no ring)
                                n - ring of magical power

@: no status effects
A: retaliatory headbutt, horns 2
a: no special abilities


You were on level 3 of the Dungeon.
You were not hungry.

You visited 1 branch of the dungeon, and saw 3 of its levels.

You collected 89 gold pieces.

Inventory:

Hand Weapons
 a - a +0 flail
 q - a +2 whip of freezing (weapon)
Armour
 b - a +0 scale mail (worn)
 c - a +0 shield
Jewellery
 j - an uncursed ring of fire
 n - a ring of magical power (left hand)
Scrolls
 e - 3 scrolls of identify {unknown}
 g - a scroll of remove curse {unknown}
 h - a scroll of recharging {unknown}
 k - a scroll of random uselessness {unknown}
 m - a scroll of immolation {unknown}
 r - 2 scrolls of fog {unknown}
Potions
 d - a potion of might
 i - a potion of magic {unknown}
 l - a potion of berserk rage {unknown}
 o - 2 potions of degeneration {unknown}
 p - a potion of curing {unknown}
Comestibles
 f - a bread ration
 s - 2 chunks of flesh
 t - a meat ration


   Skills:
 - Level 3.6 Fighting
 + Level 6.3 Maces & Flails
 - Level 3.6 Armour
 - Level 3.6 Shields


You had 4 spell levels left.
You didn't know any spells.

Dungeon Overview and Level Annotations

Branches:
Dungeon (3/15)

Altars:

Annotations:
D:2 Sigmund


Innate Abilities, Weirdness & Mutations

You reflexively headbutt those who attack you in melee.
You have a pair of horns on your head.


Message History

You hit the orc priest. You freeze the orc priest.
You kill the orc priest!
Your Maces & Flails skill increases to level 6!
You have reached level 5!
The orc priest looks braver for a moment.
The orc hits you.
The orc priest mumbles some strange prayers to Beogh against you.
Beogh smites you!
* * * LOW HITPOINT WARNING * * *
There is a stone staircase leading up here.
The orc hits you but does no damage.
You climb upwards.
Level annotation: Sigmund
There is a stone staircase leading down here.
You climb downwards.
The orc priest casts a cantrip, but nothing happens.
The orc hits you but does no damage.
The orc priest calls down the wrath of Beogh upon you.
Pain shoots through your body!
You die...

##############
#............#
#..###..####.# #..# #..#
#.# #..###..## #.#######
#........# #.#.....#
#..)##..o# #.#.....#####
#...##.@.# #.#..........
#........###.....(.#####
###.##.o.....#.....#
#.####.######..### #.#
#.o..o.o).# #.#
########.## #.# ##'##
#.# ##...## #.#
##.....##


You could see an orc priest and 2 orcs.

Vanquished Creatures
  An orc priest (D:3)
  4 gnolls
  3 adders
  A worm (D:2)
  2 dart slugs
  A leopard gecko (D:1)
  An orc (D:3)
  3 giant cockroaches
  A hobgoblin (D:1)
  4 kobolds
  8 bats
  4 frilled lizards
  4 goblins (D:1)
  5 rats
42 creatures vanquished.

Notes
Turn   | Place    | Note
-------+----------+-------------------------------------------
     0 | D:1      | IcyNumb the Minotaur Fighter began the quest for the Orb.
     0 | D:1      | Reached XP level 1. HP: 19/19 MP: 0/0
   103 | D:1      | Reached skill level 3 in Maces & Flails
   165 | D:1      | Reached XP level 2. HP: 26/26 MP: 1/1
   728 | D:1      | Reached skill level 4 in Maces & Flails
  1060 | D:2      | Reached XP level 3. HP: 27/31 MP: 2/2
  1337 | D:1      | Reached skill level 5 in Maces & Flails
  1352 | D:2      | Reached XP level 4. HP: 21/39 MP: 3/3
  1726 | D:2      | Noticed Sigmund
  1914 | D:3      | Reached skill level 6 in Maces & Flails
  1914 | D:3      | Reached XP level 5. HP: 24/45 MP: 4/4
  1927 | D:3      | Killed from afar by an orc priest

Skill      XL: |  1  2  3  4 |
---------------+-------------+-----
Maces & Flails | 3 4 5 6 |  6.3
Fighting       | |  3.6
Armour         | |  3.6
Shields        | |  3.6

Action                   |  1- 3 |  4- 6 || total
-------------------------+-------+-------++-------
Melee: Flail             |    49 |       ||    49
       Headbutt          |     8 |     7 ||    15
       Whip              |    33 |    42 ||    75
  Eat: Chunk             |     1 |     2 ||     3
Armor: Scale mail        |    53 |    11 ||    64
Dodge: Dodged            |    53 |    13 ||    66
